AoeStats
← MZTK | GaboxNet .i.

Arabia

509763448Analyzed
1v1 RM · 4d ago on Sep 27, 2026· 38m 44s· 2 players
Game mode
Random Map
Map size
Tiny (2 player)
Population
200
Speed
Normal
Resources
Standard
Victory
Conquest
Starting age
Dark Age
Ending age
Imperial Age
RankedLock teamsTeams togetherTeam positionsShared explorationLock speedFull tech treeHidden civsTurbo modeCheats
Victory
Defeat
🇲🇽 Malians · Mexico
1263
+15
🇲🇽 Teutons · Mexico
1241
-15
tapiatemo
9:17 Loom
12:04 Feudal Age
18:05 Castle Age
28:09 Double-Bit Axe
28:53 Fletching
32:37 Bodkin Arrow
33:53 Scale Mail Armor
34:42 Ironclad
38:31 Imperial Age
36:34 Ballistics
36:12 Gold Mining
38:59 Chain Mail Armor
38:54 Forging
MZTK | GaboxNet .i.
1:15 Loom
9:54 Feudal Age
10:01 Man-at-Arms
15:58 Double-Bit Axe
17:21 Fletching
24:48 Castle Age
23:21 Horse Collar
24:05 Scale Barding Armor
24:45 Bloodlines
26:21 Gold Mining
28:02 Wheelbarrow
28:15 Bow Saw
34:36 Imperial Age
32:33 Hand Cart
33:04 Crossbowman
35:23 Arbalester
36:28 Bodkin Arrow
36:33 Padded Archer Armor
38:50 Leather Archer Armor
Connection lost

Rejoining the realm…

Still unreachable

The connection could not be restored.

Session expired

The server has moved on; the page needs a fresh start.